 Dungeon Crawl Stone Soup version 0.19.5 (webtiles) character file.

32771 Mesmaeker13 the Grappler (level 13, -2/135 HPs)
             Began as a Troll Berserker on Apr 5, 2017.
             Was an Elder of Trog.
             Slain by a dream sheep (21 damage)
             ... on level 6 of the Lair of Beasts.
             The game lasted 00:35:19 (14973 turns).

Mesmaeker13 the Grappler (Troll Berserker)         Turns: 14973, Time: 00:35:20

Health: -2/135     AC:  8    Str: 29    XL:     13   Next: 33%
Magic:  16/16      EV: 16    Int:  5    God:    Trog [****..]
Gold:   1207       SH:  0    Dex: 13    Spells: 0 memorised, 12 levels left

rFire  + . .     SeeInvis .       - Unarmed
rCold  + . .     Gourm    +     v - +2 robe {rC+ rF+}
rNeg   . . .     Faith    .     (no shield)
rPois  .         Spirit   .     (helmet restricted)
rElec  .         Reflect  .     J - +0 cloak
rCorr  .         Harm     .     (gloves unavailable)
MR     +++..                    (boots unavailable)
Stlth  +.........               (no amulet)
                                y - ring of protection from magic
                                p - +3 ring of dexterity

@: regenerating
A: unfitting armour, claws 3, fast metabolism 3, gourmand, mutation resistance
1, regeneration 1, shaggy fur 1, tough skin 2
a: Berserk, Trog's Hand, Brothers in Arms, Burn Spellbooks, Renounce Religion


You were on level 6 of the Lair of Beasts.
You worshipped Trog.
Trog was greatly pleased with you.
You were full.

You visited 2 branches of the dungeon, and saw 17 of its levels.
You also visited: Ice Cave.

You collected 1243 gold pieces.
You spent 36 gold pieces at shops.

Inventory:

Missiles
 o - 6 steel tomahawks
 O - 11 tomahawks
 Q - 2 large rocks (quivered)
Armour
 v - a +2 robe of resistance (worn)
 J - a +0 cloak (worn)
Jewellery
 p - a +3 ring of dexterity (left claw)
 y - a ring of protection from magic (right claw)
 S - an uncursed ring of ice
 T - an uncursed ring of ice
Wands
 m - a wand of confusion (21/48)
 z - a wand of heal wounds (5/9)
 A - a wand of polymorph (0/24)
 E - a wand of iceblast (2/15)
 H - a wand of polymorph (14/24)
 M - a wand of lightning (9/15)
 U - a wand of polymorph (16/24)
Scrolls
 d - 6 scrolls of remove curse
 g - a scroll of summoning
 j - 4 scrolls of enchant weapon
 k - 2 scrolls of enchant armour
 s - a scroll of blinking {unknown}
 x - a scroll of magic mapping
 D - a scroll of recharging {unknown}
 F - 2 scrolls of brand weapon
 K - 2 scrolls of noise {unknown}
 L - 2 scrolls of teleportation
 P - a scroll of torment {unknown}
 W - a scroll of fear {unknown}
 X - a scroll of identify
Potions
 e - a potion of ambrosia {unknown}
 h - a potion of heal wounds
 i - a potion of cure mutation
 l - 3 potions of brilliance
 n - 4 potions of agility
 q - 8 potions of curing
 r - 5 potions of might
 u - a potion of cancellation
 w - 3 potions of degeneration {unknown}
 B - 2 potions of haste
 C - a potion of lignification {unknown}
 I - 3 potions of magic {unknown}
 R - a potion of beneficial mutation {unknown}
 V - a potion of flight {unknown}
 Y - a potion of mutation
Miscellaneous
 N - a lamp of fire (inert)
Comestibles
 a - 9 royal jellies
 b - 6 bread rations
 c - 2 slices of pizza
 f - 5 meat rations
 t - 4 beef jerkies
 G - 12 fruits
 Z - 5 chunks of flesh


   Skills:
 + Level 10.6 Fighting
 + Level 5.1 Throwing
 + Level 10.6 Dodging
 + Level 12.2 Unarmed Combat
 - Level 6.0 Evocations


You had 12 spell levels left.
You didn't know any spells.

Dungeon Overview and Level Annotations

Branches:
Dungeon (11/15)            Temple (0/1) D:5            Lair (6/6) D:9
 Shoals (0/4) Lair:3       Spider (0/4) Lair:3          Orc (0/2) D:11
  Slime: Lair:5-6

Altars:
Elyvilon
Gozag
Hepliaklqana
Makhleb
Nemelex Xobeh
Ru
Trog
Uskayaw
Vehumet
Yredelemnul
Zin
The Shining One

Shops:
D:4 :   D:7 !   D:11 %[%[

Portals:
Trove: D:11 (give 10 potions of heal wounds)


Innate Abilities, Weirdness & Mutations

You are too large for most types of armour.
You have claws for hands.
Your metabolism is lightning-fast.
You like to eat raw meat.
Your natural rate of healing is unusually fast.
You are covered in fur. (AC +1)
You have very tough skin. (AC +2)
You are somewhat resistant to further mutation.


Message History

The dream sheep bites you but does no damage.
The dream sheep closely misses you. The dream sheep misses you.
You mangle the wolf!!
You kill the wolf!
Trog accepts your kill. The dream sheep bites you.
* * * LOW HITPOINT WARNING * * *
The dream sheep completely misses you. The dream sheep bites you!
* * * LOW HITPOINT WARNING * * *
The dream sheep bites you.
* * * LOW HITPOINT WARNING * * *
Your skin crawls.
You feel resistant to hostile enchantments.
You feel somewhat less full. The dream sheep bites you.
* * * LOW HITPOINT WARNING * * *
The dream sheep closely misses you. x2
The dream sheep bites you but does no damage.
The dream sheep are wreathed in dream dust.
You feel drowsy...
You fall asleep.
The dream sheep bites you!!
You wake up.
You die...

...............#
...............#
.....<.........#
..............#
.?....†...P...#
#..##..<.......P
## #YYY..P#..P##
#..Y...P....
##@.........
#.....##..#.
#..#### #.# ..##
#.. ... .. ....
... #.#


You could see 4 dream sheep.

Vanquished Creatures
  A storm dragon (Lair:1)
  A frost giant (IceCv)
  The ghost of sveltemanboy the Impaler, a journeyman DsMo of Okawaru (Lair:3)
  A hydra (Lair:4)
  An ice dragon (D:11)
  Sonja (D:11)
  3 hill giants
  Pikel (D:6)
  A cyclops (D:11)
  A manticore (D:11)
  2 black mambas
  A siren (Lair:3)
  An ice statue (IceCv)
  7 spiny frogs
  2 rime drakes
  4 komodo dragons
  A queen bee (D:10)
  A two-headed ogre (D:11)
  A hornet (D:8)
  11 polar bears (IceCv)
  4 blink frogs (Lair:1)
  A dream sheep (Lair:5)
  A redback (Lair:3)
  4 hippogriffs
  The ghost of DrClinical the Poker, an amateur HOBe of Trog (D:4)
  Sigmund (D:2)
  A basilisk (Lair:1)
  35 yaks
  5 porcupines
  4 water moccasins
  4 sky beasts
  A black bear (D:6)
  4 orc warriors
  8 ice beasts (Lair:4)
  3 slaves (D:6)
  An eye of draining (D:11)
  3 ogres
  A phantom (D:6)
  A necrophage (D:7)
  7 centaurs
  16 wolves
  8 crocodiles
  2 big kobolds
  11 bullfrogs
  4 scorpions
  19 killer bees (D:10)
  5 wights (D:6)
  A howler monkey (D:10)
  An electric eel (D:9)
  3 crimson imps
  2 bullfrog zombies
  4 jellies
  5 orc priests
  5 centaur skeletons
  4 hounds
  2 iguanas
  12 orc wizards
  4 worker ants
  2 worker ant zombies
  19 adders
  3 gnolls (D:3)
  A river rat (D:9)
  2 oozes
  An adder skeleton (D:5)
  7 worms
  3 dart slugs
  5 leopard geckos
  49 orcs
  6 giant cockroaches
  8 goblins
  3 hobgoblins
  22 jackals
  A quokka (D:7)
  2 ball pythons (D:3)
  14 bats
  3 frilled lizards
  22 kobolds
  A quokka skeleton (D:10)
  22 rats
437 creatures vanquished.

Vanquished Creatures (collateral kills)
  A centaur (D:10)
  A howler monkey (D:10)
  A jelly (D:10)
  An iguana (D:10)
  A worker ant (D:10)
5 creatures vanquished.

Vanquished Creatures (others)
  2 polar bears (IceCv)
  A yak (IceCv)
  4 wolves (IceCv)
  7 fungi
  3 plants
17 creatures vanquished.

Grand Total: 459 creatures vanquished

Notes
Turn   | Place    | Note
-------+----------+-------------------------------------------
     0 | D:1      | Mesmaeker13 the Troll Berserker began the quest for the Orb.
     0 | D:1      | Reached XP level 1. HP: 22/22 MP: 0/0
   188 | D:1      | Reached XP level 2. HP: 29/29 MP: 1/1
   691 | D:2      | Reached XP level 3. HP: 33/36 MP: 2/2
   719 | D:2      | Reached ** piety under Trog
   722 | D:2      | Noticed Sigmund
   784 | D:2      | Found a hazy altar of Hepliaklqana.
   811 | D:2      | Killed Sigmund
   811 | D:2      | Reached skill level 4 in Unarmed Combat
   811 | D:2      | Reached XP level 4. HP: 45/45 MP: 3/3
   811 | D:2      | Reached XP level 5. HP: 53/53 MP: 4/4
   916 | D:2      | Found a faded altar of an unknown god.
  1400 | D:3      | Reached XP level 6. HP: 62/62 MP: 5/5
  1984 | D:4      | Reached *** piety under Trog
  2140 | D:4      | Found Bauthihe's Book Boutique.
  2147 | D:4      | Reached skill level 5 in Unarmed Combat
  2355 | D:4      | Noticed DrClinical's ghost (amateur HOBe)
  2369 | D:4      | Killed DrClinical's ghost
  2369 | D:4      | Reached XP level 7. HP: 71/71 MP: 6/6
  2715 | D:5      | Entered Level 5 of the Dungeon
  3389 | D:5      | Found a staircase to the Ecumenical Temple.
  3424 | D:5      | Gained mutation: Your spells are a little easier to cast, but a little less powerful. [potion of mutation]
  3424 | D:5      | Gained mutation: Potions and wands are less effective at restoring your health. [potion of mutation]
  3424 | D:5      | Gained mutation: Your flesh is heat resistant. (rF+) [potion of mutation]
  3425 | D:5      | Lost mutation: Your spells are a little easier to cast, but a little less powerful. [potion of mutation]
  3425 | D:5      | Gained mutation: You are agile. (Dex +2) [potion of mutation]
  3425 | D:5      | Gained mutation: You are somewhat resistant to further mutation. [potion of mutation]
  3496 | D:6      | Reached skill level 5 in Fighting
  3496 | D:6      | Reached skill level 5 in Dodging
  3496 | D:6      | Reached skill level 6 in Unarmed Combat
  3556 | D:6      | Reached XP level 8. HP: 79/80 MP: 7/7
  3654 | D:6      | Found a white marble altar of Elyvilon.
  3689 | D:6      | Reached **** piety under Trog
  3857 | D:6      | Noticed Pikel
  3889 | D:6      | Killed Pikel
  3889 | D:6      | Reached skill level 7 in Unarmed Combat
  3889 | D:6      | Reached XP level 9. HP: 72/89 MP: 8/8
  4587 | D:7      | Found Init's Distillery.
  4592 | D:7      | Bought a potion of curing for 36 gold pieces
  4851 | D:7      | Noticed a moth of wrath
  4854 | D:7      | Found a bloodstained altar of Trog.
  5075 | D:7      | Found a glowing golden altar of the Shining One.
  5149 | D:7      | Reached skill level 8 in Unarmed Combat
  5379 | D:7      | Found a glowing silver altar of Zin.
  5474 | D:7      | Found a sacrificial altar of Ru.
  5622 | D:8      | Paralysed by a hornet for 1 turns
  5631 | D:8      | Reached skill level 1 in Evocations
  5671 | D:8      | Found a radiant altar of Vehumet.
  5717 | D:8      | You fall through a shaft!
  6021 | D:8      | Found a sparkling altar of Nemelex Xobeh.
  6549 | D:9      | Found an opulent altar of Gozag.
  6604 | D:9      | Reached ***** piety under Trog
  6667 | D:9      | Reached XP level 10. HP: 102/102 MP: 10/10
  6743 | D:9      | Noticed a dagger
  6744 | D:9      | Noticed a hand axe
  6748 | D:9      | Found a hide-covered altar of Uskayaw.
  6758 | D:9      | Found a staircase to the Lair.
  6999 | D:9      | Found a burning altar of Makhleb.
  7018 | D:9      | Reached skill level 9 in Unarmed Combat
  7026 | D:9      | Received a gift from Trog
  7437 | D:10     | Entered Level 10 of the Dungeon
  7799 | D:10     | Noticed a hill giant
  7809 | D:10     | Killed a hill giant
  7956 | D:10     | Found a basalt altar of Yredelemnul.
  7988 | D:10     | Reached XP level 11. HP: 108/111 MP: 13/13
  8124 | D:10     | Noticed a hill giant
  8134 | D:10     | Killed a hill giant
  8575 | D:11     | Found Xeduuwn's Armour Boutique.
  8610 | D:11     | Noticed Sonja
  8623 | D:11     | Killed Sonja
  8703 | D:11     | Found Zaikoj's Food Boutique.
  8738 | D:11     | Found a staircase to the Orcish Mines.
  8744 | D:11     | Found Wasick's Antique Armour Shoppe.
  8780 | D:11     | Noticed a hill giant
  8787 | D:11     | Killed a hill giant
  8787 | D:11     | Reached skill level 10 in Unarmed Combat
  8925 | D:11     | Found Lied's Food Shoppe.
  9062 | D:11     | Found a portal to a secret trove of treasure.
  9574 | D:11     | Noticed a five-headed hydra
  9579 | D:11     | Noticed an ice dragon
  9579 | D:11     | a five-headed hydra changed into an ice dragon
  9590 | D:11     | Killed an ice dragon
  9590 | D:11     | Reached skill level 5 in Evocations
  9657 | D:11     | Received a gift from Trog
  9835 | Lair:1   | Entered Level 1 of the Lair of Beasts
  9880 | Lair:1   | Noticed a four-headed hydra
  9882 | Lair:1   | Noticed a storm dragon
  9882 | Lair:1   | a four-headed hydra changed into a storm dragon
  9894 | Lair:1   | Killed a storm dragon
 10384 | Lair:1   | Lost mutation: You are agile. (Dex +2) [potion of cure mutation]
 10384 | Lair:1   | Lost mutation: Your flesh is heat resistant. (rF+) [potion of cure mutation]
 10384 | Lair:1   | Lost mutation: Potions and wands are less effective at restoring your health. [potion of cure mutation]
 10448 | Lair:1   | Reached XP level 12. HP: 111/123 MP: 15/15
 11011 | Lair:1   | Reached skill level 11 in Unarmed Combat
 11164 | Lair:1   | Received a gift from Trog
 11724 | Lair:2   | Noticed a six-headed hydra
 11820 | Lair:3   | Reached skill level 1 in Throwing
 12227 | Lair:3   | Noticed sveltemanboy's ghost (journeyman DsMo)
 12242 | Lair:3   | Killed sveltemanboy's ghost
 12419 | Lair:3   | Found a hole to the Spider Nest.
 12523 | Lair:3   | Found a staircase to the Shoals.
 12574 | Lair:4   | Reached skill level 10 in Fighting
 12753 | Lair:4   | Reached skill level 10 in Dodging
 12857 | Lair:4   | Noticed a five-headed hydra
 12868 | Lair:4   | Killed a ten-headed hydra
 12937 | Lair:4   | Found a frozen archway.
 12982 | IceCv    | Entered an ice cave
 13635 | IceCv    | Reached XP level 13. HP: 58/133 MP: 16/16
 13857 | IceCv    | Reached skill level 12 in Unarmed Combat
 13932 | IceCv    | Noticed a frost giant
 13951 | IceCv    | Killed a frost giant
 14089 | IceCv    | Received a gift from Trog
 14910 | Lair:4   | You fall through a shaft for 2 floors!
 14910 | Lair:6   | Entered Level 6 of the Lair of Beasts
 14931 | Lair:6   | Reached skill level 5 in Throwing
 14973 | Lair:6   | Slain by a dream sheep

Skill      XL: |  1  2  3  4  5  6  7  8  9 10 11 12 13 |
---------------+----------------------------------------+-----
Dodging        | 3 4 5 6 7 8 9 10 | 10.6
Fighting       | 3 4 5 6 7 8 9 10 | 10.6
Unarmed Combat | 4 5 6 7 8 9 10 11 12 | 12.2
Evocations     | 2 4 5 6 |  6.0
Throwing       | 4 5 |  5.1

Action                   |  1- 3 |  4- 6 |  7- 9 | 10-12 | 13-15 || total
-------------------------+-------+-------+-------+-------+-------++-------
Melee: Unarmed           |    90 |   113 |   421 |   659 |   135 ||  1418
       Punch             |     1 |     2 |    11 |    40 |    13 ||    67
Throw: Stone             |       |       |       |     2 |       ||     2
Invok: Berserk           |     2 |     2 |     3 |     7 |       ||    14
       Trog's Hand       |     1 |     1 |     4 |    14 |     4 ||    24
       Burn Spellbooks   |       |       |       |     3 |       ||     3
       Brothers in Arms  |       |       |       |     1 |       ||     1
Evoke: Wand              |       |       |     5 |     7 |       ||    12
       Lamp of fire      |       |       |       |     1 |       ||     1
  Use: Scroll            |       |     4 |     5 |     8 |     4 ||    21
       Potion            |       |       |     2 |     4 |       ||     6
 Stab: Sleeping          |     2 |       |       |     1 |       ||     3
       Confused          |       |       |       |     1 |       ||     1
  Eat: Chunk             |    11 |    17 |    39 |    75 |    11 ||   153
       Bread ration      |       |       |     1 |     1 |       ||     2
       Pizza             |       |       |       |     1 |       ||     1
Armor: Animal skin       |    49 |    43 |    43 |       |       ||   135
       Robe              |       |       |    53 |   157 |    37 ||   247
Dodge: Dodged            |    75 |    66 |   258 |   427 |   100 ||   926
